Map: Forteresse de fer EC

Players

AgCl - Winner!

  • Race: Protoss Protoss
  • League: Grandmaster

llllllllllll

  • Race: Protoss Protoss
  • League: Grandmaster

VOD

Have the link to the VOD?

Description

Time

  • Played on: July 2, 2015, 5:07 p.m.
  • Length: 3:19
Show
View Real Time Build Order
Export as new Build Order

AgCl Protoss - Winner!

Build Orders:  

Get SALT Encoding   

  12  0:11  Pylon  
  12  0:13  Probe  
  13  0:25  Probe  
  14  0:33  Gateway  
  14  0:38  Probe (Chrono Boost)  
  16  0:50  Probe (Chrono Boost)  
  16  0:53  Assimilator  
  16  0:59  Probe (Chrono Boost)  
  17  1:07  Probe  
  17  1:09  Pylon  
  18  1:19  Probe  
  18  1:21  Zealot (Chrono Boost)  
  21  1:53  Zealot (Chrono Boost)  
  23  2:13  Zealot  
  25  2:22  Nexus  
  25  2:55  Zealot (Chrono Boost)  
Show
View Real Time Build Order
Export as new Build Order

llllllllllll Protoss 

Build Orders:  

Get SALT Encoding   

  12  0:10  Probe  
  13  0:15  Pylon  
  13  0:22  Probe  
  14  0:34  Probe (Chrono Boost)  
  15  0:40  Forge  
  15  0:46  Probe (Chrono Boost)  
  16  0:53  Probe (Chrono Boost)  
  17  1:03  Pylon  
  17  1:05  Probe  
  18  1:19  Pylon  
  18  1:21  Pylon  
  18  1:23  Pylon  
  18  1:29  Pylon  
  18  1:37  Photon Cannon  
  18  1:48  Probe (Chrono Boost)  
  19  1:58  Probe (Chrono Boost)  
  20  2:05  Probe  
  21  2:12  Photon Cannon  
  21  2:15  Photon Cannon  
  21  2:27  Photon Cannon  
  21  2:30  Photon Cannon  
  21  2:35  Photon Cannon  
  21  2:46  Nexus  
  21  3:03  Photon Cannon  
  21  3:05  Photon Cannon  
  21  3:09  Pylon  
Tags
 
Add a new tag
Caveats
  • Supply blocks, unpowered buildings, or Contaminate may cause inaccurate times.
  • Supply counts are checked every 10 seconds.